 Dungeon Crawl Stone Soup version 0.27.1-15-g792fb953b9 (webtiles) character file.

Game seed: 8416385728474022556

2690 zeram the Covert (level 9, -7/39 HPs)
             Began as a Spriggan Enchanter on Nov 18, 2021.
             Mangled by a hornet zombie (12 damage)
             ... in an ossuary.
             The game lasted 00:23:03 (7839 turns).

zeram the Covert (Spriggan Enchanter)               Turns: 7839, Time: 00:23:04

Health: -7/39      AC:  3    Str:  4    XL:     9   Next: 38%
Magic:  22/22      EV: 17    Int: 22    God:
Gold:   328        SH:  0    Dex: 15    Spells: 18/24 levels left

rFire    . . .     SeeInvis +   f - +2 dagger (venom)
rCold    . . .     Faith    .   (shield restricted)
rNeg     . . .     Spirit   .   b - +1 robe
rPois    +         Reflect  .   (helmet restricted)
rElec    .         Harm     .   p - scarf {shadows}
rCorr    .         Rampage  .   (gloves unavailable)
Will     +....                  (boots unavailable)
Stlth    ++++++....             h - amulet of regeneration
HPRegen  1.13/turn              e - ring of wizardry
MPRegen  0.18/turn              g - ring of poison resistance

@: very quick
A: very small, no large weapons, unfitting armour, see invisible, speed 3,
antennae 2, clever 1
a: no special abilities


You were in an ossuary.
You visited 1 branch of the dungeon, and saw 7 of its levels.
You also visited: Sewer and Ossuary.

You collected 328 gold pieces.

Inventory:

Hand Weapons
 f - a +2 dagger of venom (weapon)
Armour
 b - a +1 robe (worn)
 p - a scarf of shadows (worn)
 s - a +0 cloak of willpower
Jewellery
 c - a ring of magical power
 e - a ring of wizardry (left hand)
 g - a ring of poison resistance (right hand)
 h - an amulet of regeneration (around neck)
 t - a ring of wizardry
Wands
 o - a wand of flame (16)
Scrolls
 l - a scroll of teleportation
 m - 2 scrolls of enchant armour
 n - 2 scrolls of silence
 q - a scroll of blinking
 r - 3 scrolls of vulnerability
 u - 4 scrolls of identify
 w - a scroll of magic mapping
Potions
 a - 5 potions of mutation
 i - a potion of curing
 j - 3 potions of resistance
 k - a potion of attraction
 v - a potion of flight


   Skills:
 * Level 6.2 Short Blades
 - Level 2.6 Dodging
 + Level 14.4 Stealth
 + Level 8.3 Spellcasting
 - Level 4.0 Hexes


You had 18 spell levels left.
You knew the following spells:

 Your Spells              Type           Power      Damage    Failure   Level
a - Corona                Hex            28%        N/A       1%          1
b - Ensorcelled Hibernat  Hex/Ice        36%        N/A       1%          2
c - Tukima's Dance        Hex            26%        N/A       1%          3

Your spell library contained the following spells:

 Spells                   Type           Power      Damage    Failure   Level
 Confusing Touch          Hex            26%        N/A       1%          3
 Beastly Appendage        Tmut           18%        N/A       3%          1
 Wereblood                Tmut           9%         N/A       4%          2
 Dazzling Flash           Conj/Hex       36%        N/A       4%          3
 Conjure Flame            Conj/Fire      9%         6-21      9%          3
 Ignite Poison            Fire/Tmut/Pois 9%         N/A       9%          3
 Spider Form              Tmut/Pois      4%         N/A       9%          3
 Sticky Flame             Conj/Fire      9%         2d3       28%         4


Dungeon Overview and Level Annotations

Branches:
Dungeon (7/15)             Temple (0/1) D:7           Sewer (visited)
Ossuary (1/1)

Altars:
Dithmenos
Elyvilon
Makhleb
Ru
Vehumet
Xom
Yredelemnul

Shops:
D:1 (   D:7 *


Innate Abilities, Weirdness & Mutations

You are very small and have problems with some larger weapons.
You are too small for most types of armour.
You have supernaturally acute eyesight. (SInv)
You cover ground extremely quickly. (Speed+++)
You have a pair of antennae on your head.
Your mind is acute. (Int +2)


Message History

The hornet zombie hits you but does no damage.
You hit the hornet zombie.
The hornet zombie is severely damaged.
You closely miss the hornet zombie.
The hornet zombie is severely damaged.
You hit the hornet zombie but do no damage.
The hornet zombie is severely damaged.
The hornet zombie completely misses you.
Press: ? - help, v - describe, . - travel
Here: a hornet zombie (severely damaged)
An open door, spattered with blood.
You hit the hornet zombie but do no damage.
The hornet zombie is severely damaged.
The hornet zombie hits you but does no damage.
You hit the hornet zombie but do no damage.
The hornet zombie is severely damaged.
You hit the hornet zombie but do no damage.
The hornet zombie is severely damaged.
The hornet zombie misses you.
You hit the hornet zombie but do no damage.
The hornet zombie is severely damaged.
You feel yourself slow down.
You hit the hornet zombie but do no damage.
The hornet zombie is severely damaged.
The hornet zombie misses you.
You barely miss the hornet zombie.
The hornet zombie is severely damaged.
The hornet zombie hits you.
You hit the hornet zombie but do no damage.
The hornet zombie is severely damaged.
The hornet zombie hits you!
* * * LOW HITPOINT WARNING * * *
You hit the hornet zombie.
The hornet zombie is severely damaged.
The hornet zombie hits you!
* * * LOW HITPOINT WARNING * * *
You hit the hornet zombie.
The hornet zombie is severely damaged.
The hornet zombie hits you!
You die...

{ { {
+#+#+#+###
.......Z@#
#####.###
#...#.+{
#.∩.'.#
#∩..#.+{
#####.# {
{+.' #.##
#.'


You could see a hornet zombie.

Vanquished Creatures
  A shadow (D:6)
  2 water moccasins
  Duvessa (D:4)
  A sky beast (D:5)
  2 black bears
  2 ogres
  A centaur (D:5)
  3 phantoms
  3 kobold brigands
  A bullfrog (D:6)
  3 gnoll sergeants
  A wyvern skeleton (D:7)
  A water moccasin skeleton (D:4)
  Dowan (D:5)
  2 centaur zombies
  A bullfrog zombie (D:5)
  A centaur skeleton (D:7)
  5 hounds
  2 orc priests
  Crazy Yiuf (D:5)
  A bullfrog skeleton (D:5)
  2 iguanas
  An orc wizard (D:4)
  A killer bee zombie (D:5)
  2 mummies (Ossuary)
  A howler monkey skeleton (D:4)
  12 gnolls
  5 adders
  8 river rats (Sewer)
  A shadow imp (D:6)
  2 ufetubi
  3 worms
  4 dart slugs
  9 orcs
  8 ball pythons
  5 bats
  15 endoplasms
  3 giant cockroaches (D:3)
  9 goblins
  4 hobgoblins
  6 jackals
  22 kobolds
  4 quokkas
  3 frilled lizards
  A quokka skeleton (D:4)
  23 rats
190 creatures vanquished.

Vanquished Creatures (others)
  2 fungi (D:2)
  2 plants (D:2)
  A withered plant (Ossuary)
5 creatures vanquished.

Grand Total: 195 creatures vanquished

Notes
Turn   | Place    | Note
-------+----------+-------------------------------------------
     0 | D:1      | zeram the Spriggan Enchanter began the quest for the Orb.
     0 | D:1      | Reached XP level 1. HP: 9/9 MP: 5/5
   236 | D:1      | Reached skill level 5 in Stealth
   293 | D:1      | Reached XP level 2. HP: 12/13 MP: 6/6
   602 | D:1      | Found Okexoc's Weapon Shop.
   625 | D:1      | Reached skill level 6 in Stealth
  1012 | D:2      | Reached XP level 3. HP: 16/16 MP: 8/8
  1078 | D:2      | Found a faded altar of an unknown god.
  1351 | D:2      | Reached skill level 7 in Stealth
  1802 | D:3      | Reached XP level 4. HP: 21/21 MP: 9/9
  1813 | D:3      | Found a white marble altar of Elyvilon.
  1873 | D:3      | Found a basalt altar of Yredelemnul.
  1984 | D:3      | Reached skill level 8 in Stealth
  2205 | D:3      | Found a shimmering altar of Xom.
  2212 | D:3      | Reached skill level 9 in Stealth
  2212 | D:3      | Reached XP level 5. HP: 22/24 MP: 10/10
  2224 | D:3      | Found a glowing drain.
  2236 | Sewer    | Entered a sewer
  2251 | Sewer    | Learned a level 2 spell: Ensorcelled Hibernation
  2516 | Sewer    | Reached skill level 10 in Stealth
  2881 | Sewer    | Identified a scroll of acquirement
  2881 | Sewer    | Acquired a scarf of shadows
  2937 | Sewer    | Reached XP level 6. HP: 23/28 MP: 11/11
  3731 | D:4      | Reached skill level 11 in Stealth
  4173 | D:4      | Reached XP level 7. HP: 28/32 MP: 14/14
  4177 | D:4      | Learned a level 3 spell: Tukima's Dance
  4187 | D:4      | Found a radiant altar of Vehumet.
  4563 | D:3      | Gained mutation: You have a pair of small antennae on your
                  | head. [potion of mutation]
  4563 | D:3      | Gained mutation: You have a pair of antennae on your head.
                  | [potion of mutation]
  4563 | D:3      | Gained mutation: Your mind is acute. (Int +2) [potion of
                  | mutation]
  4587 | D:3      | Reached skill level 12 in Stealth
  4587 | D:3      | Reached skill level 5 in Spellcasting
  4886 | D:5      | Entered Level 5 of the Dungeon
  4909 | D:5      | Reached XP level 8. HP: 36/36 MP: 14/17
  4961 | D:5      | Noticed Duvessa
  4962 | D:5      | Noticed Dowan
  5040 | D:5      | Killed Dowan
  5111 | D:4      | Killed Duvessa
  5320 | D:5      | Reached skill level 13 in Stealth
  5665 | D:5      | Found a runed translucent door.
  5666 | D:5      | Noticed Crazy Yiuf
  5683 | D:5      | Killed Crazy Yiuf
  5954 | D:6      | Found a burning altar of Makhleb.
  6361 | D:6      | Found a shadowy altar of Dithmenos.
  6637 | D:6      | Reached XP level 9. HP: 22/39 MP: 21/21
  6716 | D:6      | Reached skill level 5 in Short Blades
  6825 | D:6      | Reached skill level 14 in Stealth
  7518 | D:7      | Found Liku's General Store.
  7582 | D:7      | Found a sacrificial altar of Ru.
  7649 | D:7      | Found a staircase to the Ecumenical Temple.
  7704 | D:7      | Found a sand-covered staircase.
  7728 | Ossuary  | Entered an ossuary
  7811 | Ossuary  | HP: 1/39 [hornet zombie (12)]
  7839 | Ossuary  | Mangled by a hornet zombie

Illustrated notes

Levels and vault maps discovered:
D:1:      minmay_arrival_shoal_huts, layout_basic, serial_shops, shop,
          st_stairs_14
D:2:      layout_loops_ring, dreamdust_ecumenical_altar_grove
D:3:      layout_loops_ring, old_standard_altar, kennysheep_ying_yang,
          cheibrodos_sewer_entry_drain, minmay_misc_feat_roman,
          chequers_hall_statues_y, kennysheep_generic_room_13
D:4:      layout_cave_pools, nicolae_vehumet_radiance, minmay_pentangle
D:5:      layout_cave_pools, uniq_crazy_yiuf_cottage, uniq_duvessa
D:6:      layout_gridville, mainiacjoe_overflow_concentric_impassable,
          mainiacjoe_overflow_boulevard
D:7:      layout_rooms, nicolae_ru_the_path_less_chosen, temple_doors_e,
          serial_shops, shop, enter_ossuary_5
Ossuary:  ossuary_zaba_flooded

Skill      XL: |  1  2  3  4  5  6  7  8  9 |
---------------+----------------------------+-----
Stealth        | 5 6 7 9 10 11 12 13 14 | 14.4
Spellcasting   | 3 4 5 7 8 |  8.3
Hexes          | 4 |  4.0
Short Blades   | 2 4 6 |  6.2
Dodging        | |  2.6

Action                   |  1- 3 |  4- 6 |  7- 9 || total
-------------------------+-------+-------+-------++-------
Melee: Dagger            |   100 |   220 |   497 ||   817
 Cast: Ensorcelled Hiber |       |    41 |    49 ||    90
       Corona            |       |     3 |     9 ||    12
       Tukima's Dance    |       |       |     2 ||     2
  Use: Scroll            |       |     9 |     5 ||    14
       Potion            |       |       |    14 ||    14
 Stab: Sleeping          |    18 |    31 |    34 ||    83
       Distracted        |       |       |     1 ||     1
Armor: Robe              |    10 |    19 |    47 ||    76
Dodge: Dodged            |    53 |   206 |   365 ||   624
